 Dungeon Crawl Stone Soup version 0.22-a0-392-g5dc3fd9 (webtiles) character file.

1773 nikopol the Thaumaturge (level 8, -2/41 HPs)
             Began as a Deep Elf Fire Elementalist on May 2, 2018.
             Was a Believer of Vehumet.
             Slain by an orc warrior
             ... wielding a +0 halberd
              (7 damage)
             ... on level 6 of the Dungeon.
             The game lasted 00:22:55 (5718 turns).

nikopol the Thaumaturge (DEFE)                      Turns: 5718, Time: 00:22:56

Health: -2/41      AC:  3    Str:  5    XL:     8   Next: 80%
Magic:  12/22      EV: 14    Int: 23    God:    Vehumet [**....]
Gold:   288        SH:  0    Dex: 15    Spells: 8/23 levels left

rFire    . . .     SeeInvis .   j - +2 dagger (venom)
rCold    . . .     Gourm    .   (no shield)
rNeg     . . .     Faith    .   a - +0 robe
rPois    .         Spirit   .   (no helmet)
rElec    .         Reflect  .   (no cloak)
rCorr    .         Harm     .   y - +0 pair of gloves
MR       .....                  (no boots)
Stlth    +++.......             (no amulet)
HPRegen  0.13/turn              (no ring)
MPRegen  0.18/turn              (no ring)

@: no status effects
A: no striking features
a: Renounce Religion


You were on level 6 of the Dungeon.
You worshipped Vehumet.
Vehumet was pleased with you.
You were hungry.

You visited 1 branch of the dungeon, and saw 6 of its levels.
You also visited: Sewer.

You collected 288 gold pieces.

Inventory:

Hand Weapons
 j - a +2 dagger of venom (weapon)
Armour
 a - a +0 robe (worn)
 y - a +0 pair of gloves (worn)
Wands
 i - a wand of iceblast (3)
 m - a wand of flame (27)
 v - a wand of random effects (31)
Scrolls
 b - 2 scrolls of identify
 d - a scroll of fog
 f - 3 scrolls of teleportation
 g - 2 scrolls of remove curse
 l - a scroll of immolation {unknown}
 n - 3 scrolls of amnesia
 p - 3 scrolls of blinking {unknown}
 r - a scroll of magic mapping {unknown}
Potions
 e - 3 potions of haste
 h - a potion of mutation
 k - 2 potions of agility {unknown}
 o - 2 potions of invisibility {unknown}
 q - 6 potions of curing {unknown}
 s - a potion of heal wounds {unknown}
 t - a potion of might {unknown}
 u - a potion of berserk rage {unknown}
 x - a potion of brilliance {unknown}
Comestibles
 c - 11 rations


   Skills:
 + Level 0.3 Fighting
 + Level 4.1 Dodging
 + Level 4.1 Stealth
 + Level 8.4 Spellcasting
 + Level 6.4 Conjurations
 + Level 7.9 Fire Magic
 + Level 0.1 Evocations


You had 8 spell levels left.
You knew the following spells:

 Your Spells              Type           Power        Failure   Level  Hunger
a - Flame Tongue          Conj/Fire      #####        1%          1    None
b - Throw Flame           Conj/Fire      #####.       1%          2    None
c - Conjure Flame         Conj/Fire      #####...     1%          3    None
d - Sticky Flame          Conj/Fire      #####...     3%          4    ##.....
e - Fireball              Conj/Fire      #####.....   10%         5    #####..


Dungeon Overview and Level Annotations

Branches:
Dungeon (6/15)             Temple (0/1) D:5

Altars:
Ashenzari
Dithmenos
Makhleb
Sif Muna
Vehumet
The Shining One

Annotations:
D:6 Dowan, Duvessa


Message History

The orc warrior hits you with a halberd!
* * * LOW HITPOINT WARNING * * *
Casting: Throw Flame (safe; 1% risk of failure)
Confirm with . or Enter, or press ? or * to list all spells.
Aiming: Throw Flame (safe; 1% risk of failure)
Press: ? - help, Shift-Dir - straight line, f/p - orc warrior
Aim: an orc warrior, wielding a halberd and wearing a plate armour (moderately wounded, covered in liquid flames)
The puff of flame hits the orc warrior.
The orc warrior is heavily wounded.
The orc warrior burns!
Casting: Throw Flame (safe; 1% risk of failure)
Confirm with . or Enter, or press ? or * to list all spells.
Aiming: Throw Flame (safe; 1% risk of failure)
Press: ? - help, Shift-Dir - straight line, f/p - orc warrior
Aim: an orc warrior, wielding a halberd and wearing a plate armour (severely wounded, covered in liquid flames)
The puff of flame hits the orc warrior.
The orc warrior appears unharmed.
The orc warrior is severely wounded.
The orc warrior burns!
The orc warrior hits you with a halberd!
You die...

.....
.......e..)
#...#
......#†#.#
##...# .....
#.#.. ....#
##.. #a#.#
###...# #.
)F#.#
#.....#####
oe#..
#.%o.†..[.#
.§.###
###o#.#.o...
h..# #@#.#
..) o.#.#
###.' . ##.
.. ##


You could see an orc warrior (burning) and an orc.

Vanquished Creatures
  Sigmund (D:2)
  An orc warrior (D:6)
  2 sky beasts
  A phantom (D:5)
  A centaur (D:5)
  An ogre (D:5)
  2 bullfrogs (D:6)
  5 killer bees (D:6)
  3 howler monkeys
  A jelly (D:5)
  A centaur zombie (D:5)
  2 orc wizards (D:4)
  2 quasits (D:5)
  2 orc priests
  4 hounds
  2 iguanas (D:5)
  3 worker ants
  2 adders
  2 river rats (Sewer)
  An ooze (D:2)
  3 adder skeletons
  A dart slug (D:2)
  10 leopard geckos
  11 orcs
  5 ball pythons
  8 giant cockroaches
  5 goblins
  4 hobgoblins
  6 jackals
  5 kobolds
  5 quokkas
  6 bats
  10 frilled lizards
  A jackal skeleton (D:5)
  A leopard gecko skeleton (D:4)
  12 rats
132 creatures vanquished.

Vanquished Creatures (others)
  A bush (D:5)
1 creature vanquished.

Grand Total: 133 creatures vanquished

Notes
Turn   | Place    | Note
-------+----------+-------------------------------------------
     0 | D:1      | nikopol the Deep Elf Fire Elementalist began the quest for the Orb.
     0 | D:1      | Reached XP level 1. HP: 10/10 MP: 6/6
   757 | D:2      | Reached XP level 2. HP: 15/15 MP: 4/8
   762 | D:2      | Learned a level 2 spell: Throw Flame
  1074 | D:2      | Noticed Sigmund
  1114 | D:2      | Killed Sigmund
  1114 | D:2      | Reached skill level 4 in Spellcasting
  1114 | D:2      | Reached skill level 5 in Fire Magic
  1114 | D:2      | Reached XP level 3. HP: 17/19 MP: 0/10
  1114 | D:2      | Reached XP level 4. HP: 22/24 MP: 0/12
  1114 | D:2      | Reached XP level 5. HP: 25/28 MP: 0/13
  1119 | D:2      | Learned a level 3 spell: Conjure Flame
  1124 | D:2      | Learned a level 4 spell: Sticky Flame
  1684 | D:3      | Found a burning altar of Makhleb.
  2013 | D:3      | Found a burning altar of Makhleb.
  2188 | D:4      | Reached skill level 5 in Spellcasting
  2188 | D:4      | Reached XP level 6. HP: 32/32 MP: 12/15
  2198 | D:4      | Learned a level 5 spell: Fireball
  2216 | D:4      | Found a deep blue altar of Sif Muna.
  2414 | D:4      | Found a radiant altar of Vehumet.
  2426 | D:4      | Became a worshipper of Vehumet
  2581 | D:4      | Found a glowing drain.
  2587 | Sewer    | Entered a sewer
  3235 | D:4      | Reached * piety under Vehumet
  3235 | D:4      | Offered knowledge of Sting by Vehumet.
  3533 | D:5      | Entered Level 5 of the Dungeon
  3533 | D:5      | Found a staircase to the Ecumenical Temple.
  3537 | D:5      | Noticed a sky beast
  3671 | D:5      | Reached skill level 6 in Spellcasting
  3671 | D:5      | Reached XP level 7. HP: 36/36 MP: 4/18
  4502 | D:5      | Found a shattered altar of Ashenzari.
  4635 | D:5      | Found a shadowy altar of Dithmenos.
  4635 | D:5      | Found a glowing golden altar of the Shining One.
  4640 | D:5      | Reached skill level 7 in Spellcasting
  4640 | D:5      | Reached skill level 5 in Conjurations
  4731 | D:5      | Reached XP level 8. HP: 41/41 MP: 17/20
  5354 | D:6      | Offered knowledge of Shock by Vehumet.
  5367 | D:6      | Noticed Duvessa
  5368 | D:6      | Noticed Dowan
  5376 | D:6      | Reached ** piety under Vehumet
  5381 | D:6      | Reached skill level 8 in Spellcasting
  5718 | D:6      | Slain by an orc warrior

Vault maps used:
D:1:      lemuel_arrival_lava_pool
D:2:      uniq_sigmund
D:3:      lemuel_coloured_pillars_altar, makhleb_heckhound_becter
D:4:      lemuel_blue_sif_altar, first_ration, gup_sewer_entry_pipe,
          vehumet_altar_wand_db
D:5:      kennysheep_mini, gammafunk_temple_overflow_pools,
          minmay_temple_entry_trees, kb_lookout_dungeons_type
D:6:      bh_chokoban, uniq_duvessa, uniq_blork_the_orc
Sewer:    sewer_co_cracked_pipes

Skill      XL: |  1  2  3  4  5  6  7  8 |
---------------+-------------------------+-----
Fire Magic     | 5 6 7 |  7.9
Dodging        | 3 4 |  4.1
Stealth        | 3 4 |  4.1
Spellcasting   | 4 5 6 7 8 |  8.4
Conjurations   | 2 3 5 6 |  6.4
Fighting       | |  0.3
Evocations     | |  0.1

Action                   |  1- 3 |  4- 6 |  7- 9 || total
-------------------------+-------+-------+-------++-------
Melee: Dagger            |       |       |     6 ||     6
 Cast: Flame Tongue      |    31 |   128 |    96 ||   255
       Throw Flame       |     3 |    16 |    11 ||    30
       Sticky Flame      |       |     2 |    11 ||    13
       Conjure Flame     |       |     1 |     7 ||     8
       Fireball          |       |       |     3 ||     3
Evoke: Wand              |       |       |     1 ||     1
  Use: Scroll            |       |    10 |     1 ||    11
  Eat: Chunk             |       |     9 |     7 ||    16
Armor: Robe              |       |     5 |     6 ||    11
Dodge: Dodged            |     8 |    32 |    24 ||    64

Table legend:
 A = Spawn XP
 B = Non-spawn XP
 C = Spawn XP percentage of total XP
 D = Spawn monster count
 E = Non-spawn monster count
 F = Spawn count percentage of total count
 G = Total turns spent on level
                    A         B        C        D         E        F      G
               +---------+---------+-------+---------+---------+-------+---------
         Total |       0 |    2533 |   0.0 |       0 |     132 |   0.0 |  5718
               +---------+---------+-------+---------+---------+-------+---------
           D:1 |       0 |      10 |   0.0 |       0 |       7 |   0.0 |   754
           D:2 |       0 |     239 |   0.0 |       0 |      15 |   0.0 |   653
           D:3 |       0 |      85 |   0.0 |       0 |      20 |   0.0 |   651
           D:4 |       0 |     413 |   0.0 |       0 |      28 |   0.0 |  1337
           D:5 |       0 |     840 |   0.0 |       0 |      21 |   0.0 |  1380
           D:6 |       0 |     888 |   0.0 |       0 |      20 |   0.0 |   301
         Sewer |       0 |      58 |   0.0 |       0 |      21 |   0.0 |   642
               +---------+---------+-------+---------+---------+-------+---------
